 Dungeon Crawl Stone Soup version 0.24-a0-365-ga4d96b6e6e (webtiles) character file.

Game seed: 7171117177247961597

80227 vurker the Severer (level 15, -12/141 HPs)
             Began as a Hill Orc Fighter on May 27, 2019.
             Was a High Priest of Yredelemnul.
             Killed by nerve-wracking pain
             ... invoked by an Executioner
             ... summoned by Asterion
              (14 damage)
             ... on level 2 of the Orcish Mines.
             The game lasted 01:30:01 (24539 turns).

vurker the Severer (Hill Orc Fighter)              Turns: 24539, Time: 01:30:02

Health: -12/141    AC: 25    Str: 26    XL:     15   Next: 66%
Magic:  23/24      EV:  7    Int:  8    God:    Yredelemnul [*****.]
Gold:   1750       SH: 16    Dex: 10    Spells: 14/14 levels left

rFire    . . .     SeeInvis .   H - +2 broad axe (flame)
rCold    . . .     Gourm    .   b - +0 shield
rNeg     . . .     Faith    .   E - +1 plate armour
rPois    .         Spirit   .   S - +2 helmet
rElec    .         Reflect  +   s - +0 cloak
rCorr    .         Harm     .   (no gloves)
MR       +....                  O - +0 pair of boots
Stlth    ..........             W - +3 amulet of reflection
HPRegen  0.33/turn              X - +2 ring of protection
MPRegen  0.19/turn              D - +3 ring of slaying

@: invisible
A: no striking features
a: Recall Undead Slaves, Injury Mirror, Animate Dead, Drain Life, Enslave Soul,
Renounce Religion


You were on level 2 of the Orcish Mines.
You worshipped Yredelemnul.
Yredelemnul was extremely pleased with you.
You were not hungry.

You visited 5 branches of the dungeon, and saw 22 of its levels.
You also visited: Gauntlet and Volcano.

You collected 2168 gold pieces.
You spent 418 gold pieces at shops.

Inventory:

Hand Weapons
 H - a +2 broad axe of flaming (weapon)
   (You took it off a hell knight in a volcano)
Missiles
 A - 2 throwing nets (quivered) {!f}
Armour
 b - a +0 shield (worn)
 n - a +2 buckler of protection
   (You took it off a deep elf knight on level 1 of the Elven Halls)
 s - a +0 cloak (worn)
   (You found it on level 8 of the Dungeon)
 E - a +1 plate armour (worn)
   (You found it on level 8 of the Dungeon)
 O - a +0 pair of boots (worn)
   (You found it on level 5 of the Lair of Beasts)
 S - a +2 helmet (worn)
   (You found it on level 4 of the Dungeon)
Jewellery
 j - a +6 ring of dexterity
   (You found it on level 1 of the Dungeon)
 D - a +3 ring of slaying (right hand)
   (You found it on level 1 of the Elven Halls)
 W - a +3 amulet of reflection (around neck)
   (You found it on level 5 of the Lair of Beasts)
 X - a +2 ring of protection (left hand)
   (You found it on level 5 of the Lair of Beasts)
Wands
 c - a wand of disintegration (26)
   (You found it on level 11 of the Dungeon)
 d - a wand of iceblast (7)
   (You found it on level 2 of the Lair of Beasts)
 g - a wand of clouds (4)
   (You found it on level 12 of the Dungeon)
 t - a wand of flame (23)
   (You found it on level 4 of the Dungeon)
 u - a wand of paralysis (23)
   (You found it on level 9 of the Dungeon)
 v - a wand of digging (10)
   (You took it off Ijyb on level 3 of the Dungeon)
 x - a wand of acid (4)
   (You found it on level 5 of the Lair of Beasts)
 I - a wand of enslavement (15)
   (You found it on level 11 of the Dungeon)
 R - a wand of polymorph (12)
   (You found it on level 4 of the Lair of Beasts)
Scrolls
 a - 9 scrolls of remove curse {@r2}
 i - a scroll of identify {@r1}
 k - 6 scrolls of magic mapping
 l - 3 scrolls of amnesia
 q - a scroll of fog {unknown}
 w - 8 scrolls of teleportation {@r4}
 y - 3 scrolls of fear
 J - a scroll of blinking
 N - 4 scrolls of enchant weapon {unknown}
 Z - 2 scrolls of vulnerability {!r}
Potions
 f - 2 potions of cancellation
 h - 3 potions of berserk rage
 m - a potion of haste {@q3}
 o - 4 potions of agility
 p - 13 potions of curing {@q1}
 z - 3 potions of brilliance
 B - 7 potions of resistance
 C - 3 potions of heal wounds {@q2}
 F - a potion of flight {unknown}
 G - a potion of might
 L - 4 potions of mutation {!q}
 P - 3 potions of lignification {!q}
 U - 3 potions of ambrosia {unknown}
 Y - a potion of invisibility
Comestibles
 e - 35 rations {!d}
 r - 3 chunks of flesh


   Skills:
 + Level 15.6 Fighting
 - Level 18.0 Axes
 + Level 11.9 Armour
 * Level 13.7 Shields
 + Level 12.9 Invocations


You had 14 spell levels left.
You didn't know any spells.
Your spell library contained the following spells:

 Spells                   Type           Power        Failure   Level  Hunger
 Flame Tongue             Conj/Fire      #....        99%         1    ##.....
 Magic Dart               Conj           #...         99%         1    ##.....
 Summon Butterflies       Summ           #.......     99%         1    ##.....
 Summon Small Mammal      Summ           #...         99%         1    ##.....
 Blink                    Tloc           N/A          100%        2    ###....
 Call Imp                 Summ           #.......     100%        2    ###....
 Searing Ray              Conj           #.....       100%        2    ###....
 Slow                     Hex            #.......     100%        2    ###....
 Throw Flame              Conj/Fire      #.....       100%        2    ###....
 Call Canine Familiar     Summ           #.......     100%        3    ####...
 Conjure Flame            Conj/Fire      #.......     100%        3    ####...
 Dazzling Spray           Conj/Hex       #.....       100%        3    ####...
 Inner Flame              Hex/Fire       #.......     100%        3    ####...
 Mephitic Cloud           Conj/Pois/Air  #.......     100%        3    ####...
 Summon Guardian Golem    Hex/Summ       #.......     100%        3    ####...
 Force Lance              Conj/Tloc      #.......     100%        4    #####..
 Fulminant Prism          Conj/Hex       #.........   100%        4    #####..
 Iskenderun's Mystic Bla  Conj           #.......     100%        4    #####..
 Sticky Flame             Conj/Fire      #.......     100%        4    #####..
 Summon Ice Beast         Ice/Summ       #.......     100%        4    #####..
 Summon Lightning Spire   Summ/Air       #.......     100%        4    #####..
 Fireball                 Conj/Fire      #.........   100%        5    ######.
 Summon Mana Viper        Hex/Summ       #.......     100%        5    ######.
 Summon Hydra             Summ           #.........   100%        7    #######


Dungeon Overview and Level Annotations

Branches:
Dungeon (12/15)            Temple (1/1) D:6            Lair (6/6) D:8
 Shoals (0/4) Lair:3        Snake (0/4) Lair:4        Slime (0/5) Lair:5
    Orc (2/2) D:12            Elf (1/3) Orc:2

Altars:
Ashenzari
Cheibriados
Dithmenos
Elyvilon
Fedhas
Gozag
Hepliaklqana
Kikubaaqudgha
Makhleb
Nemelex Xobeh
Okawaru
Qazlal
Ru
Sif Muna
Trog
Uskayaw
Vehumet
Wu Jian
Xom
Yredelemnul
Zin
The Shining One
Beogh

Shops:
D:5 *   D:11 *   D:12 (   Orc:2 (![(

Annotations:
D:3 1 runed translucent door, Crazy Yiuf
D:4 3 runed translucent doors, tsouns's ghost, novice OpBe
D:6 3 runed translucent doors, Lanoc's ghost, novice TrGl; aaksess's ghost, novice NaVM; inmateoo's ghost, novice HaMo
Lair:2 2 transporters, Uruugh's ghost, journeyman TrMo
Lair:3 3 runed translucent doors, Eptagon's ghost, journeyman OpFi
Lair:5 exclusion: 2 oklob plants
Lair:6 1 runed translucent door, Qeujar's ghost, journeyman TrEn
Orc:2 1 runed translucent door, Asterion; Kite's ghost, journeyman MiBe
Elf:1 exclusion: Roxanne, Roxanne


Message History

The Executioner completely misses you. You block the Executioner's attack.
The Executioner hits you.
* * * LOW HITPOINT WARNING * * *
The Executioner gestures at you. You resist with significant effort.
Asterion closely misses you. Asterion gores you!
* * * LOW HITPOINT WARNING * * *
You block the Executioner's attack. x2
The Executioner hits you but does no damage.
Asterion conjures a destructive force in the name of Makhleb!
The sticky flame hits you but does no damage.
You are covered in liquid flames!
You block the Executioner's attack.
The Executioner hits you but does no damage. x2
You are covered in liquid flames!
* * * LOW HITPOINT WARNING * * *
The Executioner hits you!!
* * * LOW HITPOINT WARNING * * *
The Executioner hits you but does no damage.
You block the Executioner's attack.
Asterion says, "Makhleb has given me powers of destruction."
The Executioner hits you but does no damage.
The Executioner hits you.
* * * LOW HITPOINT WARNING * * *
The Executioner hits you but does no damage.
You feel much better.
You are covered in liquid flames!
* * * LOW HITPOINT WARNING * * *
The Executioner hits you.
* * * LOW HITPOINT WARNING * * *
The Executioner hits you but does no damage.
You block the Executioner's attack.
The Executioner hits you but does no damage.
You block the Executioner's attack.
The Executioner hits you but does no damage.
Asterion hits you with a +4 demon blade of freezing!!
* * * LOW HITPOINT WARNING * * *
Asterion freezes you.
* * * LOW HITPOINT WARNING * * *
Asterion gores you.
* * * LOW HITPOINT WARNING * * *
The Executioner hits you!
* * * LOW HITPOINT WARNING * * *
The Executioner hits you but does no damage. x2
You fade into invisibility!
You block the Executioner's attack. x3
The Executioner gestures at you. Pain shoots through your body!
You die...
Your body rises from the dead as a mindless zombie.

.......................)...#.....
......................))>........
................#.....#..)....#.#
.......................#......###
........................#......#
.........................#.....#
...............##.......#.....##
....#...........#H.Z..........#
................@1.#.........##
.........<.........##.........#
..............#.....##.#...#.##
.....................##....###
........#..................###
[..........................#.##
.......................#......#
..............................#
#..................#...#...#.####


You could see Asterion, an Executioner and a friendly ogre zombie.

Vanquished Creatures
  Frances (D:12)
  Gastronok (Lair:3)
  Kirke (D:12)
  Louise (Elf:1)
  An ettin (Orc:1)
  A deep elf death mage (Elf:1)
  Erolcha (D:11)
  2 hydras
  14 two-headed ogres
  2 ogre magi (Orc:2)
  An orc high priest (Orc:1)
  A dancing weapon (Elf:1)
  A hell knight (Volcano)
  3 deep elf knights (Elf:1)
  An unseen horror (D:12)
  2 deep trolls (Orc:2)
  4 deep elf archers (Elf:1)
  A harpy (Lair:6)
  An orc knight (D:12)
  2 orc sorcerers (Orc:2)
  15 deep elf magi (Elf:1)
  3 cyclopes
  An ugly thing (D:12)
  2 manticores (Lair:6)
  Maurice (D:10)
  6 black mambas
  A centaur zombie (D:12)
  13 elephants
  Psyche (D:8)
  5 spiny frogs
  5 komodo dragons
  A rime drake (Lair:6)
  11 trolls
  3 meliai (D:12)
  A queen bee (D:12)
  5 polar bears
  Grinder (D:6)
  A blink frog (Lair:6)
  Prince Ribbit (D:5)
  A snapping turtle (Lair:3)
  5 hippogriffs
  A vampire (D:12)
  3 wyverns
  A water elemental (Elf:1)
  A spriggan (D:8)
  15 yaks
  A basilisk (Lair:4)
  5 hogs (D:12)
  Menkaure (D:6)
  2 hungry ghosts
  A warg (Orc:1)
  6 water moccasins
  9 porcupines
  Duvessa (D:4)
  A necrophage (D:12)
  11 orc warriors
  A swamp drake (D:12)
  6 sky beasts
  6 ice beasts
  3 black bears
  An eye of draining (D:8)
  3 phantoms
  25 ogres
  19 crocodiles
  7 centaurs
  3 big kobolds
  2 gnoll sergeants
  12 bullfrogs
  Dowan (D:4)
  3 scorpions
  12 wights
  35 killer bees
  3 howler monkeys (D:12)
  4 electric eels
  11 crimson imps
  3 bullfrog zombies
  2 quasits
  6 hounds
  5 jellies
  A bullfrog skeleton (D:12)
  13 orc priests
  An iron imp (D:8)
  24 orc wizards
  Ijyb (D:3)
  Terence (D:3)
  3 iguanas (Lair:2)
  3 worker ants
  2 hound zombies
  2 worker ant zombies
  9 gnolls
  15 adders
  An orc zombie (D:12)
  An adder skeleton (D:4)
  An adder zombie (D:5)
  3 worms
  6 dart slugs
  5 leopard geckos
  53 orcs
  2 ball pythons
  5 giant cockroaches
  4 goblins
  7 hobgoblins
  13 jackals
  21 kobolds
  3 quokkas
  8 bats
  14 frilled lizards
  A leopard gecko zombie (D:7)
  5 rats
  2 fungi
  2 plants (Lair:6)
589 creatures vanquished.

Vanquished Creatures (collateral kills)
  Jorgrun (D:12)
  The ghost of Cuxunirch the Harbinger of Death, a journeyman MiFi of Yredelemnul (Lair:4)
  An ogre mage (Volcano)
  A hydra (Lair:4)
  2 catoblepae
  A merfolk avatar (Lair:6)
  A two-headed ogre (Volcano)
  A manticore (Lair:6)
  A deep elf mage (Elf:1)
  7 elephants
  2 black mambas
  3 spiny frogs
  4 komodo dragons (Lair:6)
  3 rime drakes
  2 polar bears
  A troll (Orc:2)
  A hornet (Lair:6)
  2 blink frogs (Lair:6)
  2 hippogriffs
  A hog (D:12)
  6 yaks
  2 wyverns
  A naga (Lair:4)
  A warg (D:12)
  3 water moccasins
  3 porcupines
  8 orc warriors
  An ogre (D:12)
  7 crocodiles
  3 orc priests
  9 orc wizards
  2 iguanas (Lair:2)
  2 gnolls (Orc:1)
  A leopard gecko (Lair:2)
  20 orcs
  A kobold (D:11)
  2 frilled lizards (Lair:2)
  22 fungi
  29 plants
161 creatures vanquished.

Vanquished Creatures (others)
  A skeletal warrior (Elf:1)
  4 phantasmal warriors
  A deep elf mage (Elf:1)
  9 flying skulls
  3 vampires
  2 two-headed ogre zombies
  2 human zombies
  2 elf zombies (Elf:1)
  A manticore zombie (Lair:6)
  An orc warrior (D:12)
  A hog zombie (D:12)
  An elf skeleton (Elf:1)
  A cyclops zombie (Orc:2)
  A water moccasin zombie (Lair:6)
  A cyclops skeleton (D:11)
  A wyvern zombie (Lair:6)
  2 troll zombies (Orc:2)
  A wyvern skeleton (Lair:3)
  A yak skeleton (Lair:5)
  An orc wizard (D:12)
  A bullfrog skeleton (Lair:4)
  A porcupine skeleton (Lair:5)
  6 ogre zombies (Orc:2)
  A crocodile skeleton (Lair:2)
  2 mummies
  3 howler monkey skeletons (D:12)
  An orc (D:12)
  A gnoll zombie (Orc:1)
  2 kobolds
  A leopard gecko skeleton (Lair:2)
  9 orc skeletons
  23 orc zombies
  27 fungi
  4 plants
  2 withered plants (Orc:2)
121 creatures vanquished.

Grand Total: 871 creatures vanquished

Notes
Turn   | Place    | Note
-------+----------+-------------------------------------------
     0 | D:1      | vurker the Hill Orc Fighter began the quest for the Orb.
     0 | D:1      | Reached XP level 1. HP: 19/19 MP: 1/1
   173 | D:1      | Reached skill level 3 in Axes
   236 | D:1      | Reached XP level 2. HP: 26/27 MP: 2/2
   395 | D:1      | Reached XP level 3. HP: 26/33 MP: 3/3
   803 | D:2      | Reached skill level 4 in Axes
  1017 | D:2      | Reached XP level 4. HP: 27/41 MP: 4/4
  1661 | D:3      | Found a sparkling altar of Nemelex Xobeh.
  1690 | D:3      | Found an ornate altar of the Wu Jian Council.
  1700 | D:3      | Reached skill level 5 in Axes
  1777 | D:3      | Reached XP level 5. HP: 47/47 MP: 5/5
  2012 | D:3      | Found a bloodstained altar of Trog.
  2049 | D:3      | Noticed Ijyb
  2069 | D:3      | Killed Ijyb
  2093 | D:3      | Noticed Terence
  2116 | D:3      | Killed Terence
  2354 | D:3      | Found a runed translucent door.
  2355 | D:3      | Noticed Crazy Yiuf
  2447 | D:4      | Reached skill level 5 in Fighting
  2447 | D:4      | Reached skill level 6 in Axes
  2447 | D:4      | Reached XP level 6. HP: 28/56 MP: 6/6
  2603 | D:4      | Found a glowing drain.
  2689 | D:4      | Found a radiant altar of Vehumet.
  2753 | D:4      | Found a runed translucent gate.
  2753 | D:4      | Found a runed translucent gate.
  2753 | D:4      | Found an opulent altar of Gozag.
  2753 | D:4      | Found a runed translucent gate.
  2753 | D:4      | Noticed tsouns's ghost (novice OpBe)
  2906 | D:4      | Noticed Duvessa
  2955 | D:4      | Killed Duvessa
  2956 | D:4      | Noticed Dowan
  2966 | D:4      | Killed Dowan
  2966 | D:4      | Reached skill level 7 in Axes
  2966 | D:4      | Reached skill level 5 in Armour
  2966 | D:4      | Reached XP level 7. HP: 61/61 MP: 7/7
  3599 | D:5      | Entered Level 5 of the Dungeon
  3841 | D:4      | Reached skill level 8 in Axes
  4329 | D:5      | Reached XP level 8. HP: 67/71 MP: 8/8
  4335 | D:5      | Noticed Prince Ribbit
  4354 | D:4      | Reached skill level 9 in Axes
  4416 | D:5      | Killed Prince Ribbit
  4436 | D:5      | Reached skill level 10 in Axes
  4441 | D:5      | Found a stormy altar of Qazlal.
  4579 | D:5      | Found Restre Rely's General Store.
  4930 | D:6      | Found a staircase to the Ecumenical Temple.
  4942 | Temple   | Entered the Ecumenical Temple
  5181 | D:6      | Reached skill level 11 in Axes
  5267 | D:6      | Found a runed translucent gate.
  5269 | D:6      | Found a runed translucent gate.
  5271 | D:6      | Found a runed translucent gate.
  5272 | D:6      | Got a spiked ring mail
  5283 | D:6      | Identified the +1 ring mail of Qoejug {rC+ Regen+ Dex+4
                  | Stlth-} (You found it on level 6 of the Dungeon)
  5330 | D:6      | Noticed inmateoo's ghost (novice HaMo)
  5330 | D:6      | Noticed aaksess's ghost (novice NaVM)
  5331 | D:6      | Noticed Lanoc's ghost (novice TrGl)
  5348 | D:6      | Reached XP level 9. HP: 79/81 MP: 9/9
  5572 | D:6      | Noticed Grinder
  5586 | D:6      | Paralysed by Grinder for 4 turns
  5594 | D:6      | Killed Grinder
  5602 | D:6      | Noticed Menkaure
  5651 | D:7      | Reached skill level 12 in Axes
  5966 | D:6      | Killed Menkaure
  6326 | D:7      | Reached skill level 13 in Axes
  6846 | D:7      | Found a burning altar of Makhleb.
  6846 | D:7      | Found a blossoming altar of Fedhas.
  6869 | D:7      | Reached XP level 10. HP: 81/93 MP: 10/10
  7010 | D:7      | Reached skill level 10 in Fighting
  7193 | D:7      | Reached skill level 14 in Axes
  7355 | D:8      | Found a deep blue altar of Sif Muna.
  7526 | D:8      | Noticed Psyche
  7536 | D:8      | Killed Psyche
  7681 | D:8      | Found a snail-covered altar of Cheibriados.
  7707 | D:8      | Reached skill level 15 in Axes
  7927 | D:8      | Found a staircase to the Lair.
  8108 | D:8      | Found a glowing golden altar of the Shining One.
  8127 | D:8      | Found a basalt altar of Yredelemnul.
  8129 | D:8      | Noticed a profane servitor
  8134 | D:8      | Became a worshipper of Yredelemnul the Dark
  8309 | D:8      | Noticed a two-headed ogre
  8317 | D:8      | Killed a two-headed ogre
  8482 | D:8      | Noticed an angel
  8524 | D:9      | Reached XP level 11. HP: 81/102 MP: 12/12
  8539 | D:9      | Reached skill level 16 in Axes
  9003 | D:9      | Reached * piety under Yredelemnul
  9044 | D:9      | Found a glowing silver altar of Zin.
  9045 | D:9      | Found an iron altar of Okawaru.
  9266 | D:9      | Found a hazy altar of Hepliaklqana.
  9610 | D:10     | Entered Level 10 of the Dungeon
  9947 | D:10     | Noticed Maurice
 10431 | D:10     | Killed Maurice
 10500 | D:10     | Noticed a two-headed ogre
 10516 | D:10     | Killed a two-headed ogre
 10524 | D:10     | Reached ** piety under Yredelemnul
 10669 | D:10     | Reached skill level 5 in Invocations
 10804 | D:10     | Reached skill level 5 in Shields
 11085 | D:11     | Reached *** piety under Yredelemnul
 11242 | D:11     | Noticed a cyclops
 11247 | D:11     | Killed a cyclops
 11257 | D:11     | Found Gushriur's Demolitions Depot.
 11317 | D:11     | Received a gift from Yredelemnul (a mummy)
 11375 | D:11     | Noticed Erolcha
 11413 | D:11     | Killed Erolcha
 11413 | D:11     | Reached XP level 12. HP: 91/113 MP: 16/16
 11927 | Lair:1   | Entered Level 1 of the Lair of Beasts
 12055 | Lair:1   | Found a frozen archway.
 12117 | Lair:1   | Found a dark tunnel.
 12471 | Volcano  | Entered a volcano
 12497 | Volcano  | Noticed a two-headed ogre
 12503 | Volcano  | Killed a two-headed ogre
 12555 | Volcano  | Noticed a hell knight
 12555 | Volcano  | Noticed a two-headed ogre
 12574 | Volcano  | Killed a hell knight
 12581 | Volcano  | Killed a two-headed ogre
 12581 | Volcano  | Reached skill level 17 in Axes
 12635 | Volcano  | Noticed an ogre mage
 12640 | Volcano  | Killed an ogre mage
 12642 | Volcano  | Noticed a two-headed ogre
 12651 | Volcano  | Killed a two-headed ogre
 12651 | Volcano  | Noticed a two-headed ogre
 12688 | Volcano  | Killed a two-headed ogre
 13232 | Lair:2   | Noticed Uruugh's ghost (journeyman TrMo)
 13282 | Lair:2   | Reached **** piety under Yredelemnul
 13365 | Lair:2   | Received a gift from Yredelemnul (a flying skull)
 13622 | Lair:2   | Found a transporter.
 13622 | Lair:2   | Found a transporter.
 13894 | Lair:3   | Received a gift from Yredelemnul (2 flying skulls)
 14056 | Lair:3   | Noticed Gastronok
 14056 | Lair:3   | Noticed a six-headed hydra
 14062 | Lair:3   | Killed a two-headed hydra
 14067 | Lair:3   | Killed Gastronok
 14067 | Lair:3   | Reached XP level 13. HP: 122/122 MP: 19/19
 14101 | Lair:3   | Noticed a minotaur
 14101 | Lair:3   | Noticed Eptagon's ghost (journeyman OpFi)
 14187 | Lair:3   | Found a runed translucent gate.
 14292 | Lair:3   | Found a staircase to the Shoals.
 14586 | Lair:3   | Found a runed translucent gate.
 14587 | Lair:3   | Found a runed translucent gate.
 14943 | Lair:4   | Found a staircase to the Snake Pit.
 15066 | Lair:4   | Reached skill level 18 in Axes
 15129 | Lair:4   | Found a runed translucent gate.
 15130 | Lair:4   | Found a runed translucent gate.
 15133 | Lair:4   | Found a runed translucent gate.
 15151 | Lair:4   | Noticed Cuxunirch's ghost (journeyman MiFi)
 15158 | Lair:4   | You fall into a shaft and drop 1 floor!
 15821 | Lair:5   | Found a staircase to the Slime Pits.
 15993 | Lair:5   | Received a gift from Yredelemnul (a mummy)
 16679 | Lair:6   | Entered Level 6 of the Lair of Beasts
 16690 | Lair:6   | Received a gift from Yredelemnul (a vampire)
 17076 | Lair:6   | Reached skill level 10 in Invocations
 17078 | Lair:6   | Reached ***** piety under Yredelemnul
 17188 | Lair:6   | Received a gift from Yredelemnul (3 flying skulls)
 17191 | Lair:6   | Reached skill level 10 in Shields
 17227 | Lair:6   | Reached XP level 14. HP: 89/132 MP: 21/21
 17236 | Lair:6   | Received a gift from Yredelemnul (a phantasmal warrior)
 17258 | Lair:6   | Reached skill level 10 in Armour
 17327 | Lair:6   | Found a runed translucent door.
 17328 | Lair:6   | Noticed Qeujar's ghost (journeyman TrEn)
 17854 | Lair:4   | Killed Cuxunirch's ghost
 18323 | D:12     | Noticed Kirke
 18344 | D:12     | Received a gift from Yredelemnul (a vampire)
 18345 | D:12     | Killed Kirke
 18369 | D:12     | Received a gift from Yredelemnul (a phantasmal warrior)
 18443 | D:12     | Noticed Frances
 18482 | D:12     | Your ally Kirke died
 19459 | D:12     | Killed Frances
 19636 | D:12     | Found Buwnounu's Antique Weapon Boutique.
 20004 | D:12     | Received a gift from Yredelemnul (3 flying skulls)
 20409 | D:12     | Found a staircase to the Orcish Mines.
 20447 | Orc:1    | Entered Level 1 of the Orcish Mines
 20455 | Orc:1    | Noticed Jorgrun
 20580 | D:12     | Killed Jorgrun
 20810 | Orc:1    | Received a gift from Yredelemnul (a phantasmal warrior)
 20954 | Orc:2    | Entered Level 2 of the Orcish Mines
 21007 | Orc:2    | Found a staircase to the Elven Halls.
 21044 | Orc:2    | Found a runed translucent door.
 21045 | Orc:2    | Noticed Kite's ghost (journeyman MiBe)
 21063 | Orc:2    | Found a gate leading to a gauntlet.
 21074 | Gauntlet | Entered a Gauntlet
 21074 | Gauntlet | Found a transporter.
 21084 | Gauntlet | Found a transporter.
 21086 | Gauntlet | Found a transporter.
 21088 | Gauntlet | Found a transporter.
 21107 | Gauntlet | Found a transporter.
 21121 | Gauntlet | Found a transporter.
 21126 | Gauntlet | Found a transporter.
 21146 | Gauntlet | Found a transporter.
 21157 | Gauntlet | Found a transporter.
 21172 | Gauntlet | Found a transporter.
 21185 | Gauntlet | Found a transporter.
 21191 | Gauntlet | Found a transporter.
 21206 | Gauntlet | Found a large runed translucent door.
 21207 | Gauntlet | Found a large runed translucent door.
 21208 | Gauntlet | Found a large runed translucent door.
 21208 | Gauntlet | Found a large runed translucent door.
 21209 | Gauntlet | Found a runed translucent gate.
 21209 | Gauntlet | Noticed a reaper
 21210 | Gauntlet | Found a transporter.
 21210 | Gauntlet | Found a runed translucent gate.
 21211 | Gauntlet | Found a runed translucent gate.
 21212 | Gauntlet | Found a large runed translucent door.
 21212 | Gauntlet | Found a large runed translucent door.
 21212 | Gauntlet | Found a runed translucent door.
 21212 | Gauntlet | Found a runed translucent door.
 21213 | Gauntlet | Found a large runed translucent door.
 21214 | Gauntlet | Found a large runed translucent door.
 21216 | Gauntlet | Found a transporter.
 21218 | Gauntlet | Found a transporter.
 21225 | Gauntlet | Found a large runed translucent door.
 21225 | Gauntlet | Found a large runed translucent door.
 21226 | Gauntlet | Found a large runed translucent door.
 21227 | Gauntlet | Found a large runed translucent door.
 21235 | Gauntlet | Found a transporter.
 21237 | Gauntlet | Found a large runed translucent door.
 21237 | Gauntlet | Found a large runed translucent door.
 21238 | Gauntlet | Found a large runed translucent door.
 21239 | Gauntlet | Found a large runed translucent door.
 21243 | Gauntlet | Found a transporter.
 21284 | Gauntlet | Found a transporter.
 21653 | Orc:2    | Received a gift from Yredelemnul (a phantasmal warrior)
 21679 | Orc:1    | Found a roughly hewn altar of Beogh.
 22100 | Orc:2    | Found Xiedit's Distillery.
 22119 | Orc:2    | Received a gift from Yredelemnul (a vampire)
 22145 | Orc:2    | Reached skill level 15 in Fighting
 22151 | Orc:2    | Reached XP level 15. HP: 133/141 MP: 16/24
 22154 | Orc:2    | Reached ****** piety under Yredelemnul
 22249 | Orc:2    | Found Quoffioc's Antique Weapon Shop.
 22250 | Orc:2    | Found Zalaapt's Armour Emporium.
 22258 | Orc:2    | Found Gucsaug's Weapon Boutique.
 22434 | Orc:2    | Bought a potion of curing for 33 gold pieces
 22434 | Orc:2    | Bought a potion of agility for 44 gold pieces
 22434 | Orc:2    | Bought a potion of mutation for 88 gold pieces
 22434 | Orc:2    | Bought a potion of heal wounds for 55 gold pieces
 22434 | Orc:2    | Bought a potion of mutation for 88 gold pieces
 22434 | Orc:2    | Bought a potion of heal wounds for 55 gold pieces
 22434 | Orc:2    | Bought a potion of heal wounds for 55 gold pieces
 22493 | Elf:1    | Entered Level 1 of the Elven Halls
 23000 | Elf:1    | Received a gift from Yredelemnul (a skeletal warrior)
 23275 | Elf:1    | Noticed Louise
 23351 | Elf:1    | Killed Louise
 23633 | Elf:1    | Noticed Roxanne
 24498 | Elf:1    | Noticed Asterion
 24527 | Orc:2    | Noticed an Executioner
 24538 | Orc:2    | HP: 2/141 [Executioner[Asterion] (7)]
 24539 | Orc:2    | Killed from afar by an Executioner

Levels and vault maps discovered:
D:1:      eino_arrival_druids_welcome, layout_rooms, minmay_hexomino_p4
D:2:      layout_basic
D:3:      layout_rooms, nemelex_xobeh_ov_fountains_minmay,
          nicolae_overflow_crystal_walls, trog_book, uniq_crazy_yiuf_cottage,
          uniq_ijyb, uniq_terence
D:4:      layout_loops_ring, fiery_altar_vehumet, ebering_ghost_gozag,
          portal_sewer_entry_d, uniq_duvessa
D:5:      layout_loops_ring, grunt_qazlal_sundering, serial_shops,
          shop_fountains, first_ration, grunt_decor_mini_mirrors,
          uniq_prince_ribbit1
D:6:      layout_basic, minmay_temple_entry_stoned_glass,
          gammafunk_ghost_cemetery, palyth_stone_intersect, uniq_menkaure,
          uniq_grinder
D:7:      layout_loops_corners, chequers_temple_overflow_statue_of_worship
D:8:      layout_basic, grunt_temple_overflow_holy_war, led_sif_pool,
          slow_altar_1, due_lair_maze_entry_diamond, the_bakery, uniq_psyche
D:9:      layout_loops_ring, lemuel_coloured_pillars_altar,
          gammafunk_temple_overflow_statue
D:10:     layout_basic, uniq_maurice
D:11:     layout_loops_ring, nicolae_blasting_shop, lightli_orcish_oven,
          uniq_erolcha
D:12:     layout_loops_ring, erik_orc_1, special_room [special_room_bee],
          serial_shops, kennysheep_mini_moat, uniq_kirke, uniq_frances
Temple:   nicolae_temple_figure_zero
Lair:1:   layout_hall_layers, nicolae_volcano_entry_two_sided,
          portal_ice_cave_entry_pillars_1
Lair:2:   lemuel_reptile_caves, layout_regular_city, gammafunk_ghost_hive
Lair:3:   layout_loops_ring, minmay_shoals_entry_hut,
          maelrawn_ghost_gauntlet_escape, beast_lair_carwin_6, uniq_gastronok
Lair:4:   layout_concentric_octagons, guppyfry_snake_entry_island,
          gammafunk_ghost_split, minivault_11, serial_bayou_shore_b
Lair:5:   layout_layer_cave, dpeg_slime_entry_corner, st_stairs_11,
          grunt_megastairs_2, serial_bayou_shore_a, minmay_lair_oklob_chamber,
          infiniplex_staircase_pool
Lair:6:   gammafunk_lair_ancient_temple, layout_concentric_octagons,
          gammafunk_ghost_grave
Orc:1:    layout_caves, basic_altar, uniq_jorgrun
Orc:2:    st_orc_open, layout_caves, gammafunk_ghost_grave,
          gauntlet_entry_generic
Elf:1:    layout_gridlike, minmay_elf_crystal_heptagon, minivault_25_ag,
          dk_noncrumbling_4, uniq_roxanne, uniq_louise, uniq_asterion

Skill      XL: |  1  2  3  4  5  6  7  8  9 10 11 12 13 14 15 |
---------------+----------------------------------------------+-----
Axes           | 3 4 5 6 7 8 11 13 15 16 17 18 | 18.0
Fighting       | 4 5 6 8 9 11 12 13 14 15 | 15.6
Armour         | 4 5 7 8 9 11 | 11.9
Invocations    | 2 6 8 10 12 | 12.9
Shields        | 5 7 10 12 13 | 13.7

Action                   |  1- 3 |  4- 6 |  7- 9 | 10-12 | 13-15 || total
-------------------------+-------+-------+-------+-------+-------++-------
Melee: War axe           |   148 |   131 |   321 |   526 |       ||  1126
       Broad axe         |       |       |       |   108 |   794 ||   902
Invok: Animate Remains   |       |       |       |     3 |       ||     3
       Animate Dead      |       |       |       |    19 |    46 ||    65
       Recall Undead Sla |       |       |       |       |     4 ||     4
       Drain Life        |       |       |       |       |     2 ||     2
       Enslave Soul      |       |       |       |       |     2 ||     2
Evoke: Wand              |       |       |     4 |    11 |     5 ||    20
  Use: Potion            |     2 |     1 |     3 |     5 |    10 ||    21
       Scroll            |       |     5 |     6 |     4 |     3 ||    18
 Stab: Invisible         |       |       |     2 |       |       ||     2
       Paralysed         |       |       |       |    12 |       ||    12
       Distracted        |       |       |       |     3 |    14 ||    17
  Eat: Chunk             |     1 |     6 |     4 |    23 |    20 ||    54
       Ration            |       |       |     3 |     4 |    10 ||    17
Armor: Scale mail        |    63 |    31 |       |       |       ||    94
       Chain mail        |       |     3 |   133 |    51 |       ||   187
       Skin              |       |       |     8 |       |       ||     8
       Plate armour      |       |       |       |   218 |   388 ||   606
Dodge: Dodged            |    55 |    36 |    48 |    86 |   133 ||   358
Block: Shield            |    80 |    58 |   145 |   292 |   532 ||  1107
       Reflection        |       |       |       |       |    22 ||    22

Table legend:
 A = Non-vault XP
 B = Vault XP
 C = Vault XP percentage of total XP
 D = Non-vault monster count
 E = Vault monster count
 F = Vault count percentage of total count
                 A         B        C        D         E       F
            +---------+---------+-------+---------+---------+-------
      Total |   59568 |   55042 |  48.0 |     505 |     192 |  27.5
            +---------+---------+-------+---------+---------+-------
        D:1 |      40 |       0 |   0.0 |      22 |       0 |   0.0
        D:2 |     101 |       0 |   0.0 |      21 |       0 |   0.0
        D:3 |      58 |      72 |  55.4 |      16 |       2 |  11.1
        D:4 |     678 |     224 |  24.8 |      23 |       3 |  11.5
        D:5 |     349 |     268 |  43.4 |      12 |       1 |   7.7
        D:6 |     788 |     455 |  36.6 |      16 |       2 |  11.1
        D:7 |    2013 |       0 |   0.0 |      41 |       0 |   0.0
        D:8 |    2147 |    1861 |  46.4 |      19 |      13 |  40.6
        D:9 |    1750 |       0 |   0.0 |      35 |       0 |   0.0
       D:10 |    4615 |     508 |   9.9 |      62 |       1 |   1.6
       D:11 |    2723 |     972 |  26.3 |      36 |       7 |  16.3
       D:12 |    5229 |   10313 |  66.4 |      40 |      40 |  50.0
     Lair:1 |    1507 |       0 |   0.0 |       8 |       0 |   0.0
     Lair:2 |    1256 |    1305 |  51.0 |       4 |      28 |  87.5
     Lair:3 |    3486 |    2475 |  41.5 |      15 |       6 |  28.6
     Lair:4 |    5493 |    1481 |  21.2 |      21 |       5 |  19.2
     Lair:5 |    5448 |    1947 |  26.3 |      21 |       5 |  19.2
     Lair:6 |    6604 |    6938 |  51.2 |      26 |      26 |  50.0
      Orc:1 |    2544 |       0 |   0.0 |      31 |       0 |   0.0
      Orc:2 |    1869 |   15139 |  89.0 |      18 |      37 |  67.3
      Elf:1 |   10870 |    6689 |  38.1 |      18 |      10 |  35.7
    Volcano |       0 |    4395 | 100.0 |       0 |       6 | 100.0
            +---------+---------+-------+---------+---------+-------
